 Dungeon Crawl Stone Soup version 0.30.0-16-gbe6223bb7e (webtiles) character file.

Game seed: 4694697283136672622

106 booth the Chopper (level 4, -2/38 HPs)
             Began as a Gnoll Reaver on May 20, 2023.
             Slain by Crazy Yiuf
             ... wielding a +4 quarterstaff of chaos
              (7 damage)
             ... on level 2 of the Dungeon.
             The game lasted 00:11:13 (1890 turns).

booth the Chopper (Gnoll Reaver)                    Turns: 1890, Time: 00:11:13

Health: -2/38      AC:  4    Str: 14    XL:     4   Next: 84%
Magic:  11/11      EV: 13    Int: 12    God:
Gold:   103        SH:  0    Dex: 10    Spells: 2/13 levels left

rFire   . . .        a - +0 hand axe
rCold   . . .        (no shield)
rNeg    . . .        c - +2 robe {Will+}
rPois   .            (no helmet)
rElec   .            (no cloak)
rCorr   .            (no gloves)
SInv    .            (no boots)
Will    +....        (no amulet)
Stlth   +            (no ring)
HPRegen 0.26/turn    (no ring)
MPRegen 0.12/turn

%: no passive effects
@: no status effects
A: fangs 1, strong nose, distributed training
a: no special abilities


You were on level 2 of the Dungeon.
You visited 1 branch of the dungeon, and saw 2 of its levels.

You collected 103 gold pieces.

Inventory:

Hand Weapons
 a - a +0 hand axe (weapon)
 n - a +1 dagger of electrocution
Missiles
 e - 5 poisoned darts (quivered)
Armour
 b - a +0 leather armour
 c - a +2 robe of willpower (worn)
 f - a +0 kite shield
Wands
 r - a wand of roots (11)
Scrolls
 g - a scroll of teleportation
 h - a scroll of vulnerability
 m - a scroll of poison {unknown}
 p - a scroll of magic mapping {unknown}
 q - a scroll of enchant weapon {unknown}
Potions
 d - a potion of lignification
 i - a potion of brilliance
 j - a potion of cancellation
 k - a potion of ambrosia {unknown}
 l - 2 potions of heal wounds {unknown}
 o - a potion of berserk rage {unknown}


   Skills:
 + Level 4.7 Fighting
 + Level 1.3 Short Blades
 + Level 1.3 Long Blades
 + Level 6.6 Axes
 + Level 1.3 Maces & Flails
 + Level 1.3 Polearms
 + Level 1.3 Staves
 + Level 1.3 Ranged Weapons
 + Level 1.3 Throwing
 + Level 1.3 Armour
 + Level 4.7 Dodging
 + Level 1.3 Stealth
 + Level 1.3 Shields
 + Level 1.3 Unarmed Combat
 + Level 5.1 Spellcasting
 + Level 5.5 Conjurations
 + Level 1.0 Hexes
 + Level 1.0 Summonings
 + Level 1.0 Necromancy
 + Level 1.0 Translocations
 + Level 1.0 Transmutations
 + Level 1.0 Fire Magic
 + Level 1.0 Ice Magic
 + Level 1.0 Air Magic
 + Level 1.0 Earth Magic
 + Level 1.0 Poison Magic
 + Level 1.4 Invocations
 + Level 1.3 Evocations


You had 2 spell levels left.
You knew the following spells:

 Your Spells              Type           Power      Damage    Failure   Level
a - Kiss of Death         Conj/Necr      44%        2d8       4%          1
b - Momentum Strike       Conj/Tloc      22%        3d8       8%          2
c - Hailstorm             Conj/Ice       11%        3d5       16%         3
d - Poisonous Vapours     Pois/Air       10%        N/A       19%         2
e - Mephitic Cloud        Conj/Pois/Air  9%         N/A       21%         3

Your spell library contained the following spells:

 Spells                   Type           Power      Damage    Failure   Level
 Freezing Cloud           Conj/Ice/Air   4%         6-21      88%         5


Dungeon Overview and Level Annotations

Branches:
Dungeon (2/15)

Altars:

Shops:
D:1 *

Annotations:
D:2 Crazy Yiuf


Innate Abilities, Weirdness & Mutations

You have very sharp teeth.
Your uncanny sense of smell can sniff out nearby items.
Your experience applies equally to all skills.


Message History

You are frozen.
You hit the endoplasm.
You kill the endoplasm!
You see here a hobgoblin corpse.
You now have 80 gold pieces (gained 8).
You see here a hobgoblin corpse.
You see here a rat corpse.
p - a scroll labelled KAUZXI LEYBUWN
Found a ring mail.
Found 13 gold pieces.
You see here a +0 ring mail.
q - a scroll labelled XISUM HAAGIO A bat comes into view.
Found a jewelled lead wand.
The bat moves out of view.
You now have 93 gold pieces (gained 13).
The bat barely misses you.
You hit the bat.
You kill the bat!
You see here a bat corpse.
r - a wand of roots (11)
You now have 103 gold pieces (gained 10).
You see here a bat corpse.
You see here a +0 ring mail.
There is a stone staircase leading up here.
Found a runed translucent door.
Crazy Yiuf shouts!
Crazy Yiuf whimpers, "Ice!"
You open the door.
Aiming: Fastroot
Press: ? - help, Q - select action, (/) - cycle Shift-Dir - straight line, f - Crazy Yiuf
Aim: Crazy Yiuf, wielding a +4 quarterstaff of chaos and wearing a +0 cloak
Okay, then.
You barely miss Crazy Yiuf.
Crazy Yiuf hits you with a +4 quarterstaff of chaos!!
You hit Crazy Yiuf.
Crazy Yiuf is moderately wounded.
Crazy Yiuf hits you with a +4 quarterstaff of chaos!
* * * LOW HITPOINT WARNING * * *
Crazy Yiuf burns you!
You die...

#.........#
#.#..>..# ##.##
#.........#
#......## #..#
#.........#
###....# #.##
########### ######
#.# #.# #.# ###
♣♣#####.# #)..#♣♣
♣♣....##.#
#...g@♣♣♣♣........#
#...#♣..♣......####
### ♣♣♣.♣....##
♣♣♣♣♣###


You could see Crazy Yiuf.

Vanquished Creatures
  Jessica (D:2)
  Robin (D:2)
  3 dart slugs
  4 ball pythons
  6 endoplasms
  A giant cockroach (D:1)
  9 goblins (D:2)
  8 hobgoblins
  4 jackals (D:2)
  4 quokkas
  3 bats (D:2)
  A frilled lizard (D:2)
  6 kobolds
  5 rats
56 creatures vanquished.

Notes
Turn   | Place    | Note
-------+----------+-------------------------------------------
     0 | D:1      | booth the Gnoll Reaver began the quest for the Orb.
     0 | D:1      | Reached XP level 1. HP: 20/20 MP: 6/6
   135 | D:1      | Reached XP level 2. HP: 26/26 MP: 7/7
   138 | D:1      | Learned a level 2 spell: Momentum Strike
   462 | D:1      | Found Agyrira's Assorted Antiques.
   883 | D:1      | Reached skill level 5 in Spellcasting
   883 | D:1      | Reached XP level 3. HP: 31/31 MP: 7/9
   895 | D:1      | Learned a level 3 spell: Hailstorm
  1197 | D:2      | Reached skill level 1 in Invocations
  1200 | D:2      | Noticed Jessica
  1241 | D:2      | Killed Jessica
  1242 | D:2      | Reached skill level 1 in Short Blades
  1242 | D:2      | Reached skill level 1 in Long Blades
  1242 | D:2      | Reached skill level 1 in Maces & Flails
  1242 | D:2      | Reached skill level 1 in Polearms
  1242 | D:2      | Reached skill level 1 in Staves
  1242 | D:2      | Reached skill level 1 in Ranged Weapons
  1242 | D:2      | Reached skill level 1 in Throwing
  1242 | D:2      | Reached skill level 1 in Armour
  1242 | D:2      | Reached skill level 1 in Stealth
  1242 | D:2      | Reached skill level 1 in Shields
  1242 | D:2      | Reached skill level 1 in Unarmed Combat
  1242 | D:2      | Reached skill level 1 in Evocations
  1242 | D:2      | Reached XP level 4. HP: 38/38 MP: 8/11
  1429 | D:2      | Noticed Robin
  1444 | D:2      | Killed Robin
  1445 | D:2      | Reached skill level 1 in Hexes
  1445 | D:2      | Reached skill level 1 in Summonings
  1445 | D:2      | Reached skill level 1 in Necromancy
  1445 | D:2      | Reached skill level 1 in Translocations
  1445 | D:2      | Reached skill level 1 in Transmutations
  1445 | D:2      | Reached skill level 1 in Fire Magic
  1445 | D:2      | Reached skill level 1 in Ice Magic
  1445 | D:2      | Reached skill level 1 in Air Magic
  1445 | D:2      | Reached skill level 1 in Earth Magic
  1445 | D:2      | Reached skill level 1 in Poison Magic
  1476 | D:2      | Learned a level 2 spell: Poisonous Vapours
  1480 | D:2      | Learned a level 3 spell: Mephitic Cloud
  1884 | D:2      | Found a runed translucent door.
  1885 | D:2      | Noticed Crazy Yiuf
  1890 | D:2      | Slain by Crazy Yiuf

Illustrated notes

Levels and vault maps discovered:
D:1:      lemuel_arrival_room, layout_basic, serial_shops, shop,
          dreamdust_princess_bridge, minmay_misc_feat_tower,
          minmay_misc_feat_iff
D:2:      layout_rooms, serial_bayou_pond_d, uniq_crazy_yiuf_cottage,
          uniq_robin, uniq_jessica

Skill      XL: |  1  2  3  4 |
---------------+-------------+-----
Spellcasting   | 5 |  5.1
Invocations    | 1 |  1.4
Short Blades   | 1 |  1.3
Long Blades    | 1 |  1.3
Maces & Flails | 1 |  1.3
Polearms       | 1 |  1.3
Staves         | 1 |  1.3
Ranged Weapons | 1 |  1.3
Throwing       | 1 |  1.3
Armour         | 1 |  1.3
Stealth        | 1 |  1.3
Shields        | 1 |  1.3
Unarmed Combat | 1 |  1.3
Evocations     | 1 |  1.3
Hexes          | 1 |  1.0
Summonings     | 1 |  1.0
Necromancy     | 1 |  1.0
Translocations | 1 |  1.0
Transmutations | 1 |  1.0
Fire Magic     | 1 |  1.0
Ice Magic      | 1 |  1.0
Air Magic      | 1 |  1.0
Earth Magic    | 1 |  1.0
Poison Magic   | 1 |  1.0
Fighting       | |  4.7
Axes           | |  6.6
Dodging        | |  4.7
Conjurations   | |  5.5

Action                     |  1- 3 |  4- 6 || total
---------------------------+-------+-------++-------
  Melee: Hand axe          |    75 |    78 ||   153
         Bite              |     5 |     4 ||     9
   Cast: Momentum Strike   |     1 |       ||     1
    Use: Scroll            |     4 |     1 ||     5
   Stab: Sleeping          |     1 |     1 ||     2
 Armour: Leather armour    |    15 |       ||    15
         Robe              |       |    22 ||    22
  Dodge: Dodged            |    35 |    71 ||   106
